 Dungeon Crawl Stone Soup version 0.16-a0-2944-g6f1bef2 (webtiles) character file.

34 Kemay the Ducker (level 3, -2/15 HPs)
             Began as a Felid Transmuter on Dec 4, 2014.
             Slain by Terence
             ... wielding a +0 hand axe
              (5 damage)
             ... on level 2 of the Dungeon.
             The game lasted 00:03:55 (1380 turns).

Kemay the Ducker (Felid Transmuter)                 Turns: 1380, Time: 00:03:55

Health: -2/15      AC:  1    Str:  6    XL:     3   Next: 14%
Magic:  8/8        EV: 20    Int: 14    God:
Gold:   64         SH:  0    Dex: 17    Spells: 1 memorised, 5 levels left
                                        Lives:  0   Deaths: 0

rFire  . . .     SeeInvis +       - Unarmed
rCold  . . .     Clarity  .     (armour unavailable)
rNeg   . . .     SustAb   .     (shield unavailable)
rPois  .         Gourm    .     (helmet unavailable)
rElec  .         Spirit   .     (cloak unavailable)
rCorr  .         Warding  .     (gloves unavailable)
rMut   .         Stasis   .     (boots unavailable)
MR     .....                    e - amulet of inaccuracy (curse)
Stlth  ++........               (no ring)
                                (no ring)

@: appendage, quick, not resistant to hostile enchantments, unstealthy
A: paw claws, no armour, no weapons or thrown items, fangs 3, horns 2, see
invisible, carnivore 3, speed 1, shaggy fur 1, slow metabolism 1
a: End Transformation


You were on level 2 of the Dungeon.
You were not hungry.
You had grown temporary horns.
You visited 1 branch of the dungeon, and saw 2 of its levels.

You collected 64 gold pieces.

Inventory:

Jewellery
 e - a cursed amulet of inaccuracy (around neck)
Scrolls
 f - a scroll of identify
Potions
 g - 4 potions of curing
 h - 2 potions of agility {unknown}
 i - a potion of heal wounds {unknown}
Books
 d - a book of Changes

   Spells                             Type                      Level
   a - Beastly Appendage              Transmutation                1
   b - Sticks to Snakes               Transmutation                2
   c - Spider Form                    Transmutation/Poison         3
   d - Ice Form                       Ice/Transmutation            4
   e - Blade Hands                    Transmutation                5
Comestibles
 a - a meat ration
 b - a beef jerky
 c - 5 chunks of flesh


   Skills:
 - Level 1.0 Fighting
 + Level 4.9 Dodging
 - Level 3.0 Unarmed Combat
 - Level 2.0 Spellcasting
 - Level 2.1 Transmutations


You had 5 spell levels left.
You knew the following spells:

 Your Spells              Type           Power        Failure   Level  Hunger
a - Beastly Appendage     Trmt           #.....       12%         1    ##.....


Dungeon Overview and Level Annotations

Branches:
Dungeon (2/15)

Altars:

Annotations:
D:2 Terence


Innate Abilities, Weirdness & Mutations

You cannot wear armour.
You are incapable of wielding weapons or throwing items.
Your paws have sharp claws.
You have razor-sharp teeth.
You have supernaturally acute eyesight.
You are carnivorous and can eat meat at any time.
You cover ground quickly.
You are covered in fur (AC +1).
You have a slow metabolism.
You have a pair of horns on your head.


Message History

Terence hits you with a hand axe.
You closely miss Terence. You headbutt Terence.
Terence is moderately wounded.
You closely miss Terence. You bite Terence, but do no damage.
Terence is moderately wounded.
Terence closely misses you.
You closely miss Terence.
Terence is moderately wounded.
Terence hits you with a hand axe!
You scratch Terence but do no damage.
Terence is moderately wounded.
Terence misses you.
You closely miss Terence.
Terence is moderately wounded.
Terence hits you with a hand axe.
* * * LOW HITPOINT WARNING * * *
You completely miss Terence. Your bite misses Terence.
Terence is moderately wounded.
Terence hits you with a hand axe.
You die...

. #.# #.. #.# #..
#.# #. #.. #######.#
#.#.. .........)
#... .........
#..##############...
#..........# #...
#@########.#####..
#.....@# #........
#.####### ########.
##


You could see Terence.

Vanquished Creatures
  3 giant geckos (D:1)
  3 giant cockroaches (D:1)
  3 goblins (D:1)
  3 hobgoblins
  A bat (D:1)
  2 giant newts (D:1)
  3 jackals (D:1)
  6 kobolds
  8 rats
32 creatures vanquished.

Notes
Turn   | Place    | Note
--------------------------------------------------------------
     0 | D:1      | Kemay, the Felid Transmuter, began the quest for the Orb.
     0 | D:1      | Reached XP level 1. HP: 9/9 MP: 4/4
   176 | D:1      | Reached XP level 2. HP: 5/12 MP: 5/5
   494 | D:1      | Reached skill level 4 in Dodging
  1086 | D:1      | Reached XP level 3. HP: 11/15 MP: 6/8
  1233 | D:2      | Noticed Terence
  1380 | D:2      | Slain by Terence

Action                   || total
-------------------------++-------
Melee: Unarmed           ||    90
 Cast: Beastly Appendage ||    20
  Use: Scroll            ||     7
